[Event "World Senior chT-50 2019"]
[Site "Rhodes"]
[Date "2019.04.18"]
[Round "3.19"]
[White "Hrisanthopoulos, Dimitrios"]
[Black "Barron, Michael"]
[Result "0-1"]
[ECO "C97"]
[WhiteElo "1995"]
[BlackElo "2124"]
[Annotator "NA"]
[PlyCount "102"]
[EventDate "2019.04.16"]
[EventType "team-tourn"]
[EventCountry "GRE"]
[SourceTitle "playchess.com"]
[Source "ChessBase"]
[SourceQuality "1"]
[WhiteTeam "Greece"]
[BlackTeam "Canada"]
[WhiteTeamCountry "GRE"]
[BlackTeamCountry "CAN"]
[TimeControl "40/5400+30:1800+30"]

1. e4 e5 2. Nf3 Nc6 3. Bb5 a6 4. Ba4 Nf6 5. O-O Be7 6. Re1 b5 7. Bb3 O-O 8. h3 d6 9. c3 Na5 10. Bc2 c5 11. d4 Qc7 12. Nbd2 Bb7 13. d5 g6 14. Nf1 Nh5 15. Bh6 Rfe8 16. b3 Bf8 17. Be3 Bg7 18. Kh2 Bc8 19. Rc1 Bd7 20. Qd2 c4 21. b4 Nb7 22. g4 Nf4 23. Ng3 a5 24. a3 axb4 25. axb4 Ra3 26. Ra1 Rea8 27. Rxa3 Rxa3 28. Bxf4 exf4 29. Ne2 Be5 30. Ned4 Nd8 31. Kg2 f6 32. Rd1 Qc8 33. Nxe5 fxe5 34. Nc6 Kg7 35. f3 Nf7 36. Na5 h5 37. Rg1 Qd8 38. Qe1 hxg4 39. hxg4 Qb6 40. Bb1 Qe3 41. Qxe3 fxe3 42. Rc1 Kf6 43. Kf1 Kg5 44. Ke2 Kf4 45. Nb7 Bc8 46. Na5 Ng5 47. Nc6 Nxf3 48. Nd8 Nd4+ 49. cxd4 Bxg4+ 50. Ke1 exd4 51. Ne6+ Ke5 0-1

[Event "World Senior chT-50 2019"]
[Site "Rhodes"]
[Date "2019.04.18"]
[Round "3.20"]
[White "Chernik, Dmitry"]
[Black "Papadimitriou, Loukas"]
[Result "1/2-1/2"]
[ECO "C00"]
[WhiteElo "1868"]
[BlackElo "1943"]
[PlyCount "112"]
[EventDate "2019.04.16"]
[EventType "team-tourn"]
[EventCountry "GRE"]
[TimeControl "40/5400+30:1800+30"]

1. e4 e6 2. Qe2 c5 3. f4 Nc6 4. Nf3 g6 5. d3 Bg7 6. c3 Nge7 7. g3 O-O 8. Bg2 d6 9. O-O b5 10. Nbd2 b4 11. c4 Rb8 12. Rb1 Qa5 13. Ra1 b3 14. a3 e5 15. Rb1 exf4 16. gxf4 Bg4 17. Qe1 Qc7 18. Qh4 Qd7 19. h3 Bxf3 20. Nxf3 f5 21. Bd2 Nd4 22. Nxd4 Bxd4+ 23. Kh1 Kh8 24. Bc3 Nc6 25. exf5 Rxf5 26. Be4 Rh5 27. Bxd4+ Nxd4 28. Qf6+ Qg7 29. Qxd6 Rf8 30. Kh2 Qh6 31. Bg2 Rhf5 32. Rbe1 Qh4 33. Re5 Kg7 34. Qxc5 Rxf4 35. Re4 Ne2 36. Qe7+ Qxe7 37. Rxe7+ Kh6 38. Rxf4 Nxf4 39. Be4 Rd8 40. Rxa7 Nxd3 41. Bd5 Re8 42. Bf3 Re3 43. Kg2 Nxb2 44. c5 Rc3 45. c6 Nd3 46. Be4 Nc5 47. Bb1 Ne6 48. Rb7 Kg5 49. a4 Nf4+ 50. Kf2 Nxh3+ 51. Ke2 Rxc6 52. Rxh7 Ng1+ 53. Kf2 Rc1 54. Bd3 b2 55. Rh1 Nh3+ 56. Rxh3 b1=Q 1/2-1/2

[Event "World Senior chT-50 2019"]
[Site "Rhodes"]
[Date "2019.04.18"]
[Round "3.21"]
[White "Lewis, Andrew P"]
[Black "Zeidler, Sven P."]
[Result "1-0"]
[ECO "A26"]
[WhiteElo "2347"]
[BlackElo "2168"]
[Annotator "NA"]
[PlyCount "57"]
[EventDate "2019.04.16"]
[EventType "team-tourn"]
[EventCountry "GRE"]
[SourceTitle "playchess.com"]
[Source "ChessBase"]
[SourceQuality "1"]
[WhiteTeam "England"]
[BlackTeam "Wales"]
[WhiteTeamCountry "ENG"]
[BlackTeamCountry "WLS"]
[TimeControl "40/5400+30:1800+30"]

1. Nf3 f5 2. g3 Nf6 3. Bg2 g6 4. O-O Bg7 5. c4 O-O 6. Nc3 d6 7. Rb1 e5 8. d3 Nc6 9. b4 h6 10. b5 Ne7 11. a4 g5 12. Nd2 Qe8 13. Ba3 Qh5 14. c5 f4 15. cxd6 cxd6 16. Bxd6 fxg3 17. fxg3 Ng4 18. Qb3+ Kh7 19. h3 Ne3 20. Rxf8 Bxf8 21. g4 Bxg4 22. hxg4 Qxg4 23. Qf7+ Bg7 24. Qf3 Qd4 25. Bxe7 Nxg2+ 26. Kxg2 Qxc3 27. Ne4 Qc2 28. Nxg5+ hxg5 29. Qf5+ 1-0

[Event "World Senior chT-50 2019"]
[Site "Rhodes"]
[Date "2019.04.18"]
[Round "3.22"]
[White "Fletcher, John"]
[Black "Frostick, Clive A"]
[Result "1/2-1/2"]
[ECO "D02"]
[WhiteElo "1974"]
[BlackElo "2121"]
[Annotator "NA"]
[PlyCount "70"]
[EventDate "2019.04.16"]
[EventType "team-tourn"]
[EventCountry "GRE"]
[SourceTitle "playchess.com"]
[Source "ChessBase"]
[SourceQuality "1"]
[WhiteTeam "Wales"]
[BlackTeam "England"]
[WhiteTeamCountry "WLS"]
[BlackTeamCountry "ENG"]
[TimeControl "40/5400+30:1800+30"]

1. d4 d5 2. Nf3 e6 3. Bf4 Bd6 4. Bg3 Qe7 5. e3 Nd7 6. c3 Ngf6 7. Nbd2 e5 8. dxe5 Nxe5 9. Nxe5 Bxe5 10. Bd3 c6 11. Qc2 Bg4 12. Bxe5 Qxe5 13. h3 Bh5 14. Nf3 Bxf3 15. gxf3 g6 16. O-O-O O-O-O 17. h4 Nd7 18. f4 Qf6 19. Qa4 Kb8 20. Qb4 Rhe8 21. h5 c5 22. Qa4 Nb6 23. Qb5 d4 24. cxd4 cxd4 25. Bc2 dxe3 26. Rxd8+ Qxd8 27. fxe3 Rxe3 28. hxg6 hxg6 29. Qc5 Re2 30. Qc3 Qc7 31. Qxc7+ Kxc7 32. Rh7 Re7 33. Bxg6 Nd5 34. Rxf7 Rxf7 35. Bxf7 Nxf4 1/2-1/2

[Event "World Senior chT-50 2019"]
[Site "Rhodes"]
[Date "2019.04.18"]
[Round "3.23"]
[White "Fraser-Mitchell, Jeremy N"]
[Black "Hughes, Anthony"]
[Result "1-0"]
[ECO "D35"]
[WhiteElo "2073"]
[BlackElo "1910"]
[PlyCount "87"]
[EventDate "2019.04.16"]
[EventType "team-tourn"]
[EventCountry "GRE"]
[TimeControl "40/5400+30:1800+30"]

1. d4 d5 2. c4 e6 3. Nc3 Be7 4. cxd5 exd5 5. Bf4 Nf6 6. e3 c6 7. Bd3 O-O 8. h3 Re8 9. Nf3 Nbd7 10. O-O Nf8 11. Qc2 Ng6 12. Bh2 Bd6 13. Bxd6 Qxd6 14. Rab1 a5 15. Rfc1 Be6 16. Na4 Nd7 17. a3 Rec8 18. Ng5 Qe7 19. Nxe6 fxe6 20. Bxg6 hxg6 21. Qxg6 e5 22. Nc3 Rf8 23. Qd3 Qh4 24. Rc2 Rae8 25. b4 axb4 26. axb4 Re6 27. b5 e4 28. Qf1 Rg6 29. Kh1 Nf6 30. bxc6 bxc6 31. g3 Qh5 32. Ne2 Qf5 33. Nf4 Rh6 34. Rxc6 g5 35. Ne6 Rxh3+ 36. Kg1 Qh7 37. Qg2 g4 38. Nxf8 Qe7 39. Ng6 Qa3 40. Rxf6 Qd3 41. Rfb6 Qc2 42. Qf1 Qa4 43. Qd1 Qa7 44. Rb8+ 1-0

[Event "World Senior chT-50 2019"]
[Site "Rhodes"]
[Date "2019.04.18"]
[Round "3.24"]
[White "Smith, Lynda"]
[Black "Jackson, Sheila"]
[Result "1/2-1/2"]
[ECO "C68"]
[WhiteElo "1824"]
[BlackElo "2051"]
[Annotator "NA"]
[PlyCount "74"]
[EventDate "2019.04.16"]
[EventType "team-tourn"]
[EventCountry "GRE"]
[SourceTitle "playchess.com"]
[Source "ChessBase"]
[SourceQuality "1"]
[WhiteTeam "Wales"]
[BlackTeam "England"]
[WhiteTeamCountry "WLS"]
[BlackTeamCountry "ENG"]
[TimeControl "40/5400+30:1800+30"]

1. e4 e5 2. Nf3 Nc6 3. Bb5 a6 4. Bxc6 dxc6 5. d4 exd4 6. Qxd4 Qxd4 7. Nxd4 Bd6 8. Be3 Ne7 9. Nd2 Ng6 10. Nc4 Bf4 11. Bxf4 Nxf4 12. g3 Ne6 13. Nxe6 Bxe6 14. Ne3 O-O-O 15. Ke2 Rd4 16. f3 Rhd8 17. Rhd1 c5 18. a3 b5 19. g4 g5 20. c3 Rxd1 21. Rxd1 Rxd1 22. Nxd1 Kd7 23. Ke3 Kd6 24. Nf2 f6 25. Nd3 c4 26. Nf2 Ke5 27. Nh1 c5 28. Ng3 Bf7 29. Nf5 h5 30. gxh5 Bxh5 31. h4 Bg6 32. hxg5 fxg5 33. Ne7 Be8 34. Nd5 Bc6 35. Ne7 Bd7 36. Nd5 Bc6 37. Ne7 Bxe4 {Kxe4+} 1/2-1/2

[Event "World Senior chT-50 2019"]
[Site "Rhodes"]
[Date "2019.04.18"]
[Round "3.25"]
[White "Burchardt, Brigitte"]
[Black "Yrjola, Jouni"]
[Result "0-1"]
[ECO "B26"]
[WhiteElo "2136"]
[BlackElo "2327"]
[PlyCount "78"]
[EventDate "2019.04.16"]
[EventType "team-tourn"]
[EventCountry "GRE"]
[TimeControl "40/5400+30:1800+30"]

1. e4 c5 2. Nc3 Nc6 3. g3 g6 4. Bg2 Bg7 5. d3 d6 6. Be3 Rb8 7. Qd2 b5 8. f4 b4 9. Nd1 Bg4 10. Nf3 Nd4 11. O-O Bxf3 12. Bxf3 Nxf3+ 13. Rxf3 Nf6 14. h3 O-O 15. Kh2 Qa5 16. a3 Qa6 17. Qc1 b3 18. c4 e6 19. Nf2 Qc6 20. Rb1 Nd7 21. Qd1 f5 22. Qe2 Rbe8 23. Re1 a5 24. Bc1 e5 25. g4 exf4 26. gxf5 Rxf5 27. Qd1 Rff8 28. Kh1 g5 29. Rg1 Ne5 30. Rxg5 Nxf3 31. Qxf3 Re5 32. Rg1 Re6 33. Ng4 Qd7 34. Bxf4 Rg6 35. Qg3 Bxb2 36. Qh4 Bg7 37. Bh6 Kh8 38. Bxg7+ Qxg7 39. Qe1 b2 0-1

[Event "World Senior chT-50 2019"]
[Site "Rhodes"]
[Date "2019.04.18"]
[Round "3.26"]
[White "Viljava, Tapani"]
[Black "Schulz, Petra"]
[Result "1/2-1/2"]
[ECO "A20"]
[WhiteElo "2159"]
[BlackElo "2051"]
[PlyCount "57"]
[EventDate "2019.04.16"]
[EventType "team-tourn"]
[EventCountry "GRE"]
[TimeControl "40/5400+30:1800+30"]

1. g3 Nf6 2. Bg2 e5 3. c4 d5 4. cxd5 Nxd5 5. Nf3 Nc6 6. O-O Be7 7. d4 exd4 8. Nxd4 Nxd4 9. Qxd4 Nf6 10. Qa4+ Qd7 11. Qc2 c6 12. Nc3 O-O 13. e4 Qe6 14. b3 Re8 15. Bb2 Bd7 16. h3 Rad8 17. f4 Bc8 18. e5 Nd7 19. Ne4 Qh6 20. Rae1 Bb4 21. Re2 g6 22. a3 Be7 23. f5 gxf5 24. Rxf5 Nf8 25. Nf6+ Bxf6 26. Rxf6 Qg5 27. e6 Nxe6 28. Ref2 Re7 29. R6f5 1/2-1/2

[Event "World Senior chT-50 2019"]
[Site "Rhodes"]
[Date "2019.04.18"]
[Round "3.28"]
[White "Fieandt, John"]
[Black "Jeske, Kirsten"]
[Result "1/2-1/2"]
[ECO "A92"]
[WhiteElo "2151"]
[BlackElo "1951"]
[Annotator "NA"]
[PlyCount "73"]
[EventDate "2019.04.16"]
[EventType "team-tourn"]
[EventCountry "GRE"]
[SourceTitle "playchess.com"]
[Source "ChessBase"]
[SourceQuality "1"]
[WhiteTeam "Finland"]
[BlackTeam "Germany"]
[WhiteTeamCountry "FIN"]
[BlackTeamCountry "GER"]
[TimeControl "40/5400+30:1800+30"]

1. Nf3 d5 2. d4 e6 3. c4 f5 4. g3 Nf6 5. Bg2 c6 6. O-O Be7 7. Qc2 O-O 8. Nbd2 Ne4 9. Ne1 Nxd2 10. Bxd2 Bf6 11. Nf3 g6 12. Rac1 Nd7 13. Rfd1 Qe7 14. Qb3 Re8 15. Bb4 Qf7 16. Bd6 Nb6 17. c5 Nc4 18. Bf4 e5 19. dxe5 Nxe5 20. Bxe5 Bxe5 21. Nxe5 Rxe5 22. e3 Re7 23. Rd4 Be6 24. Qc3 Rae8 25. Ra4 a6 26. Rd4 Qg7 27. h4 h6 28. a4 g5 29. Rb4 Qxc3 30. Rxc3 Bc8 31. hxg5 hxg5 32. Bf3 Kg7 33. Rd4 Kf6 34. Rb3 Rc7 35. Rb6 Kg7 36. Kf1 Rf8 37. Rb3 1/2-1/2

[Event "World Senior chT-50 2019"]
[Site "Rhodes"]
[Date "2019.04.18"]
[Round "3.29"]
[White "Boensch, Uwe"]
[Black "Kristiansen, Erling"]
[Result "1-0"]
[ECO "E08"]
[WhiteElo "2525"]
[BlackElo "2134"]
[Annotator "ChessBase"]
[PlyCount "31"]
[EventDate "2019.04.16"]
[EventType "team-tourn"]
[EventCountry "GRE"]
[SourceTitle "playchess.com"]
[Source "ChessBase"]
[SourceQuality "1"]
[WhiteTeam "Germany"]
[BlackTeam "Norway"]
[WhiteTeamCountry "GER"]
[BlackTeamCountry "NOR"]
[TimeControl "40/5400+30:1800+30"]

1. d4 d5 2. c4 e6 3. Nf3 Be7 4. g3 Nf6 5. Bg2 O-O 6. Qc2 Nbd7 7. O-O c6 8. a4 a5 9. b3 b6 10. Nbd2 Ba6 11. e4 dxe4 12. Nxe4 Rc8 13. Rd1 b5 14. Ne5 bxc4 15. Nxc6 cxb3 16. Qxb3 1-0

[Event "World Senior chT-50 2019"]
[Site "Rhodes"]
[Date "2019.04.18"]
[Round "3.30"]
[White "Berg, Anders Hoyer"]
[Black "Stangl, Markus"]
[Result "1/2-1/2"]
[ECO "C09"]
[WhiteElo "2046"]
[BlackElo "2432"]
[PlyCount "86"]
[EventDate "2019.04.16"]
[EventType "team-tourn"]
[EventCountry "GRE"]
[TimeControl "40/5400+30:1800+30"]

1. e4 c5 2. c3 e6 3. d4 d5 4. exd5 exd5 5. Nf3 Nc6 6. Bb5 Bd6 7. dxc5 Bxc5 8. O-O Nge7 9. Nbd2 O-O 10. Nb3 Bb6 11. Re1 Nf5 12. Bf4 Bxf2+ 13. Kxf2 Qb6+ 14. Nbd4 Nfxd4 15. Nxd4 Nxd4 16. Qxd4 Qxb5 17. Re2 Bg4 18. Rd2 Be6 19. Re1 Rfc8 20. Be3 Qc4 21. a3 Rc6 22. Qe5 Qh4+ 23. Qg3 Qxg3+ 24. Kxg3 Kf8 25. Bd4 Bf5 26. Kf4 Be4 27. Re3 b6 28. Rg3 f6 29. h4 Re8 30. Re3 g5+ 31. hxg5 fxg5+ 32. Kg3 Kf7 33. Rf2+ Kg6 34. Re1 h5 35. Ref1 Re7 36. Rf6+ Rxf6 37. Rxf6+ Kh7 38. Rf8 h4+ 39. Kg4 Re6 40. Rf7+ Kh6 41. Rf6+ Rxf6 42. Bxf6 Kg6 43. Bxg5 Bxg2 1/2-1/2

[Event "World Senior chT-50 2019"]
[Site "Rhodes"]
[Date "2019.04.18"]
[Round "3.31"]
[White "Brendel, Oliver"]
[Black "Johnsen, Sylvia"]
[Result "1-0"]
[ECO "A26"]
[WhiteElo "2339"]
[BlackElo "1949"]
[PlyCount "53"]
[EventDate "2019.04.16"]
[EventType "team-tourn"]
[EventCountry "GRE"]
[TimeControl "40/5400+30:1800+30"]

1. c4 e5 2. g3 Nc6 3. Nc3 g6 4. Bg2 Bg7 5. e4 d6 6. Nge2 Nf6 7. d3 O-O 8. O-O a5 9. Nd5 Nxd5 10. cxd5 Ne7 11. Be3 f5 12. Qd2 Rf7 13. Rac1 Bd7 14. f4 c5 15. fxe5 Bxe5 16. d4 cxd4 17. Nxd4 a4 18. Qb4 b5 19. Nc6 Qe8 20. Nxe5 dxe5 21. Bg5 Nc8 22. d6 Rb8 23. Rc7 Qe6 24. Qc5 f4 25. gxf4 Nxd6 26. f5 gxf5 27. exf5 1-0

[Event "World Senior chT-50 2019"]
[Site "Rhodes"]
[Date "2019.04.18"]
[Round "3.32"]
[White "Harstad, Christian"]
[Black "Maier, Christian"]
[Result "0-1"]
[ECO "D38"]
[WhiteElo "1911"]
[BlackElo "2325"]
[PlyCount "82"]
[EventDate "2019.04.16"]
[EventType "team-tourn"]
[EventCountry "GRE"]
[TimeControl "40/5400+30:1800+30"]

1. d4 Nf6 2. c4 e6 3. Nc3 d5 4. Bg5 Bb4 5. e3 O-O 6. Nf3 c5 7. a3 Bxc3+ 8. bxc3 Nbd7 9. cxd5 exd5 10. Nd2 Qa5 11. Qc2 Ne4 12. Nxe4 dxe4 13. Bf4 cxd4 14. exd4 Nf6 15. Bd2 Qh5 16. Be2 Qg6 17. O-O-O Be6 18. g4 Rac8 19. f4 Bxg4 20. Rdg1 Qf5 21. Bxg4 Nxg4 22. Rg2 g6 23. h3 Nf6 24. Rg5 Qd7 25. f5 Rfe8 26. fxg6 fxg6 27. Rf1 Rc6 28. Qb3+ Kh8 29. Be3 Qxh3 30. Re1 Rec8 31. Rc5 Qd7 32. Bf4 Rxc5 33. dxc5 Rxc5 34. Be3 Rf5 35. Rd1 Qe7 36. Qa4 a6 37. Kb2 h5 38. Qc4 Kh7 39. Bd4 e3 40. Re1 Ng4 41. Qc8 Kh6 0-1

[Event "World Senior chT-50 2019"]
[Site "Rhodes"]
[Date "2019.04.18"]
[Round "3.33"]
[White "Mahia, Gustavo"]
[Black "Lagerborg, Krister"]
[Result "1-0"]
[ECO "A46"]
[WhiteElo "2367"]
[BlackElo "2102"]
[PlyCount "73"]
[EventDate "2019.04.16"]
[EventType "team-tourn"]
[EventCountry "GRE"]
[TimeControl "40/5400+30:1800+30"]

1. d4 Nf6 2. Bg5 c6 3. Nd2 d6 4. e4 Nbd7 5. Ngf3 h6 6. Bh4 g5 7. Bg3 Nh5 8. Bc4 Bg7 9. c3 b5 10. Be2 Nxg3 11. hxg3 Nf6 12. a4 Qb6 13. e5 dxe5 14. Nxe5 Be6 15. Bf3 Nd5 16. Qe2 Rd8 17. Ng6 Rg8 18. Ne5 bxa4 19. Ndc4 Qb5 20. O-O Bf6 21. Qc2 c5 22. Rxa4 Bxe5 23. Nxe5 cxd4 24. c4 d3 25. Nxd3 Rc8 26. Ne5 Qb8 27. Re1 Nb6 28. Ra6 g4 29. Qh7 Rf8 30. Bxg4 Bxg4 31. Nxg4 Rc6 32. Qf5 Qc8 33. Qb5 Kd8 34. Rxa7 f5 35. Ne5 Re6 36. Rd1+ Rd6 37. Qxb6+ 1-0

[Event "World Senior chT-50 2019"]
[Site "Rhodes"]
[Date "2019.04.18"]
[Round "3.36"]
[White "Johansson, Bjorn"]
[Black "Grushka, Carlos"]
[Result "0-1"]
[ECO "A20"]
[WhiteElo "1888"]
[BlackElo "2251"]
[Annotator "NA"]
[PlyCount "64"]
[EventDate "2019.04.16"]
[EventType "team-tourn"]
[EventCountry "GRE"]
[SourceTitle "playchess.com"]
[Source "ChessBase"]
[SourceQuality "1"]
[WhiteTeam "Sweden"]
[BlackTeam "Argentina"]
[WhiteTeamCountry "SWE"]
[BlackTeamCountry "ARG"]
[TimeControl "40/5400+30:1800+30"]

1. c4 e6 2. g3 d5 3. Bg2 c5 4. cxd5 exd5 5. d4 cxd4 6. Nf3 Bb4+ 7. Bd2 Bc5 8. b4 Bb6 9. O-O a6 10. Qb3 Nc6 11. a4 Nge7 12. Na3 O-O 13. b5 axb5 14. axb5 Na5 15. Qb4 Bf5 16. Nxd4 Bxd4 17. Qxd4 Nb3 18. Qb2 Nxa1 19. Rxa1 Be4 20. f3 Bg6 21. Bc3 Nf5 22. Nc2 Qb6+ 23. Nd4 Rac8 24. Rd1 Rc4 25. Kh1 Ne3 26. Rd2 Rfc8 27. Nc6 bxc6 28. Bd4 Rxd4 29. Rxd4 Qxb5 30. Rb4 Qa5 31. Bh3 f5 32. Kg1 c5 0-1

[Event "World Senior chT-50 2019"]
[Site "Rhodes"]
[Date "2019.04.18"]
[Round "3.37"]
[White "Genta, Alejandro"]
[Black "Grant, Jonathan I M"]
[Result "0-1"]
[ECO "E46"]
[WhiteElo "2054"]
[BlackElo "2226"]
[Annotator "NA"]
[PlyCount "54"]
[EventDate "2019.04.16"]
[EventType "team-tourn"]
[EventCountry "GRE"]
[SourceTitle "playchess.com"]
[Source "ChessBase"]
[SourceQuality "1"]
[WhiteTeam "Uruguay"]
[BlackTeam "Scotland"]
[WhiteTeamCountry "URU"]
[BlackTeamCountry "SCO"]
[TimeControl "40/5400+30:1800+30"]

1. d4 Nf6 2. c4 e6 3. Nc3 Bb4 4. e3 O-O 5. Nge2 Re8 6. a3 Bf8 7. Ng3 d6 8. Bd3 Nbd7 9. O-O a5 10. Rb1 e5 11. b4 g6 12. f4 Bg7 13. Kh1 c6 14. Bc2 exd4 15. exd4 Nb6 16. Bb3 Ng4 17. Nce2 axb4 18. axb4 Qh4 19. h3 Ne3 20. Bxe3 Rxe3 21. Kh2 Ra3 22. f5 d5 23. Rf4 Qe7 24. cxd5 cxd5 25. Qc2 Bh6 26. Rf2 Qd6 27. Qc5 Bf8 0-1

[Event "World Senior chT-50 2019"]
[Site "Rhodes"]
[Date "2019.04.18"]
[Round "3.38"]
[White "Farrell, Neil"]
[Black "Braso, Jorge"]
[Result "1/2-1/2"]
[ECO "D30"]
[WhiteElo "2132"]
[BlackElo "2098"]
[PlyCount "120"]
[EventDate "2019.04.16"]
[EventType "team-tourn"]
[EventCountry "GRE"]
[TimeControl "40/5400+30:1800+30"]

1. d4 d5 2. c4 e6 3. Nf3 Nf6 4. g3 c5 5. Bg2 Be7 6. cxd5 exd5 7. O-O Nc6 8. dxc5 Bxc5 9. Qc2 Be7 10. Rd1 Be6 11. Nc3 O-O 12. Be3 Rc8 13. h3 h6 14. Nd4 Nxd4 15. Bxd4 Qd7 16. Kh2 Qc7 17. Rac1 Rfd8 18. Qa4 Qc6 19. Qxa7 Ra8 20. Qb6 Ra6 21. Qb3 Qd7 22. Bxf6 Bxf6 23. Bxd5 Qe7 24. Bxe6 Rxe6 25. Rxd8+ Qxd8 26. Rd1 Qc7 27. e3 Rb6 28. Nb5 Qe5 29. a4 Qxb2 30. Rd8+ Kh7 31. Qxb2 Bxb2 32. Rd6 Ra6 33. Rxa6 bxa6 34. Nc7 a5 35. Kg2 Kg6 36. Kf3 Kf5 37. Ke2 Ke5 38. Kd3 Kd6 39. Kc2 Ba1 40. Nb5+ Kc5 41. Kb3 g6 42. Nc3 f5 43. f3 g5 44. f4 gxf4 45. gxf4 h5 46. h4 Kd6 47. Kc4 Bb2 48. e4 fxe4 49. Nxe4+ Ke6 50. Ng3 Bf6 51. Nxh5 Bxh4 52. Kb5 Be1 53. Ng7+ Kf6 54. Ne8+ Kf5 55. Nd6+ Kxf4 56. Nc4 Ke4 57. Nxa5 Kd5 58. Nc6 Kd6 59. Nb4 Bxb4 60. Kxb4 Kd5 1/2-1/2

[Event "World Senior chT-50 2019"]
[Site "Rhodes"]
[Date "2019.04.18"]
[Round "3.39"]
[White "Escofet, Jaime"]
[Black "Neave, George"]
[Result "1/2-1/2"]
[ECO "A48"]
[WhiteElo "1970"]
[BlackElo "2101"]
[PlyCount "104"]
[EventDate "2019.04.16"]
[EventType "team-tourn"]
[EventCountry "GRE"]
[TimeControl "40/5400+30:1800+30"]

1. d4 Nf6 2. Bf4 g6 3. e3 Bg7 4. Nf3 d6 5. Be2 O-O 6. h3 Nbd7 7. O-O Qe8 8. Bh2 e5 9. c4 Ne4 10. Nc3 Nxc3 11. bxc3 Qe7 12. Rb1 b6 13. Nd2 Bb7 14. Bf3 Bxf3 15. Nxf3 e4 16. Nd2 f5 17. Qc2 Rae8 18. Rbe1 Nf6 19. f3 exf3 20. Rxf3 Ne4 21. Nxe4 fxe4 22. Rxf8+ Rxf8 23. Qe2 Bh6 24. Bg3 Qf7 25. Kh2 Qf6 26. Kg1 Bg5 27. Qc2 Qf5 28. Qa4 h5 29. Qc2 h4 30. Bf4 Be7 31. Qe2 g5 32. Bh2 c6 33. Rf1 Qxf1+ 34. Qxf1 Rxf1+ 35. Kxf1 Kf7 36. Ke2 Ke6 37. Kd2 d5 38. cxd5+ Kxd5 39. Be5 b5 40. Kc2 a5 41. Bc7 a4 42. Bb6 Kc4 43. Ba7 c5 44. Bb6 cxd4 45. Bxd4 Bc5 46. Bxc5 Kxc5 47. Kb2 b4 48. cxb4+ Kxb4 49. Kc2 Ka3 50. Kb1 Kb4 51. Kc2 Ka3 52. Kb1 Kb4 1/2-1/2

[Event "World Senior chT-50 2019"]
[Site "Rhodes"]
[Date "2019.04.18"]
[Round "3.40"]
[White "Smith, Peter R"]
[Black "Barboza, Mauro"]
[Result "1/2-1/2"]
[ECO "A14"]
[WhiteElo "2038"]
[BlackElo "1873"]
[PlyCount "135"]
[EventDate "2019.04.16"]
[EventType "team-tourn"]
[EventCountry "GRE"]
[TimeControl "40/5400+30:1800+30"]

1. Nf3 Nf6 2. c4 e6 3. b3 d5 4. Bb2 Be7 5. g3 O-O 6. Bg2 c6 7. O-O Nbd7 8. d3 Rb8 9. Nbd2 Qa5 10. a3 dxc4 11. bxc4 Qh5 12. a4 e5 13. Qc2 Re8 14. a5 a6 15. Ba3 Bxa3 16. Rxa3 Nc5 17. Rb1 e4 18. Nxe4 Ncxe4 19. dxe4 Rxe4 20. Rd1 Re8 21. Qd2 Bg4 22. Qf4 Rbd8 23. Rxd8 Rxd8 24. Ra1 Qc5 25. Qc7 Re8 26. Qxb7 Rxe2 27. Qb6 Qxc4 28. Nd4 Qc3 29. Nxe2 Qxa1+ 30. Bf1 h5 31. Qxa6 Bh3 32. Nf4 Bxf1 33. Qxf1 Qxa5 34. Qc4 Qb5 35. Qc2 g6 36. Nxg6 Nd5 37. Ne5 Ne7 38. Nd7 Nd5 39. Qf5 Qb2 40. Qg5+ Kh8 41. Qxh5+ Kg7 42. Qg5+ Kh8 43. Qe5+ Qxe5 44. Nxe5 c5 45. Nxf7+ Kg7 46. Nd6 Nc3 47. Kf1 Kf6 48. h4 Ke5 49. h5 Nd5 50. h6 Nf6 51. Nb5 Ke4 52. Ke2 Kf5 53. Nd6+ Kg6 54. Kf3 Kxh6 55. Kf4 Kg6 56. Nc4 Nd5+ 57. Ke5 Nc3 58. f4 Ne2 59. f5+ Kg5 60. f6 Kg6 61. g4 Nd4 62. Nd6 Nf3+ 63. Ke6 Nd4+ 64. Kd5 Kxf6 65. Ne4+ Kg6 66. Kxc5 Nf3 67. Kd6 Nh2 68. Ke5 1/2-1/2

[Event "World Senior chT-50 2019"]
[Site "Rhodes"]
[Date "2019.04.19"]
[Round "4.1"]
[White "Shabalov, Alexander"]
[Black "Vaganian, Rafael A"]
[Result "1-0"]
[ECO "C05"]
[WhiteElo "2510"]
[BlackElo "2535"]
[PlyCount "61"]
[EventDate "2019.04.16"]
[EventType "team-tourn"]
[EventCountry "GRE"]
[TimeControl "40/5400+30:1800+30"]

1. e4 e6 2. d4 d5 3. Nc3 Nf6 4. e5 Nfd7 5. f4 c5 6. Nf3 Nc6 7. Ne2 b5 8. a3 b4 9. axb4 cxb4 10. f5 exf5 11. Nf4 Ndb8 12. Bb5 g5 13. Nh5 Be7 14. Nf6+ Bxf6 15. exf6 h6 16. h4 g4 17. Ne5 Qxf6 18. O-O g3 19. Nf3 O-O 20. Bf4 a5 21. Qd2 Kh7 22. Bxg3 Rg8 23. Bf4 Ba6 24. Bxa6 Rxa6 25. Qd3 Ra7 26. Rae1 Re7 27. Ne5 Nxe5 28. Rxe5 Qg6 29. g3 Rxe5 30. Bxe5 Nd7 31. h5 1-0

[Event "World Senior chT-50 2019"]
[Site "Rhodes"]
[Date "2019.04.19"]
[Round "4.3"]
[White "Ehlvest, Jaan"]
[Black "Movsziszian, Karen"]
[Result "1/2-1/2"]
[ECO "B07"]
[WhiteElo "2521"]
[BlackElo "2485"]
[PlyCount "90"]
[EventDate "2019.04.16"]
[EventType "team-tourn"]
[EventCountry "GRE"]
[TimeControl "40/5400+30:1800+30"]

1. d4 d6 2. e4 Nf6 3. f3 Nbd7 4. c4 e5 5. d5 Be7 6. Nc3 a5 7. Be3 Nh5 8. Qd2 h6 9. Bf2 g6 10. Nge2 f5 11. exf5 gxf5 12. Ng3 Ng7 13. Bd3 Nc5 14. Bc2 Bg5 15. Qe2 O-O 16. O-O Bd7 17. a3 a4 18. Bxc5 dxc5 19. Qd3 Ra6 20. Rae1 Bf4 21. Nce2 Bg5 22. Nc3 Qf6 23. Nb5 Bxb5 24. cxb5 Ra5 25. Qc4 Qd6 26. Bxa4 h5 27. Ne2 Be3+ 28. Kh1 Raa8 29. Bc2 Rae8 30. b6 Qxb6 31. d6+ Kh8 32. dxc7 Qxc7 33. Nc3 Bd4 34. Nb5 Qd8 35. b4 b6 36. Rd1 Ne6 37. Bb3 Qg5 38. Qc2 h4 39. Bxe6 Rxe6 40. f4 Qg4 41. h3 Qg7 42. Nxd4 exd4 43. bxc5 bxc5 44. Qxc5 Re2 45. Rg1 Re4 1/2-1/2

[Event "World Senior chT-50 2019"]
[Site "Rhodes"]
[Date "2019.04.19"]
[Round "4.4"]
[White "Petrosian, Arshak B"]
[Black "Yermolinsky, Alex"]
[Result "1/2-1/2"]
[ECO "A37"]
[WhiteElo "2470"]
[BlackElo "2508"]
[PlyCount "90"]
[EventDate "2019.04.16"]
[EventType "team-tourn"]
[EventCountry "GRE"]
[TimeControl "40/5400+30:1800+30"]

1. Nf3 c5 2. c4 Nc6 3. Nc3 e5 4. g3 g6 5. Bg2 Bg7 6. O-O d6 7. a3 Nge7 8. d3 O-O 9. Rb1 a5 10. Ne1 Be6 11. Nd5 Rb8 12. Bg5 f6 13. Bd2 b5 14. cxb5 Rxb5 15. Qa4 Nd4 16. e3 Nxd5 17. exd4 Qb6 18. dxc5 Rxc5 19. Nc2 Rfc8 20. Ne3 Nxe3 21. Bxe3 Qb5 22. Qxb5 Rxb5 23. b4 d5 24. Bc5 axb4 25. axb4 Bf8 26. Bxf8 Kxf8 27. f4 Ke7 28. fxe5 fxe5 29. Ra1 Rxb4 30. Rfe1 Kd6 31. Ra6+ Rc6 32. Rxc6+ Kxc6 33. Rxe5 Kd6 34. Re2 Bf5 35. Rd2 Ke5 36. Kf2 Kd4 37. Bf1 Ra4 38. Rb2 Bxd3 39. Rd2 Ra3 40. h4 h5 41. Bxd3 Rxd3 42. Ra2 Ke4 43. Ra6 Kf5 44. Rd6 d4 45. Kg2 Ke5 1/2-1/2